 Dungeon Crawl Stone Soup version 0.23.2-1-ga50397a (webtiles) character file.

Game seed: 7054193014260398514

14 MalarOregon the Sneak (level 2, 0/22 HPs)
             Began as a Ghoul Enchanter on May 26, 2019.
             Hit by a stone thrown by a kobold (1 damage)
             ... on level 3 of the Dungeon.
             The game lasted 00:01:34 (715 turns).

MalarOregon the Sneak (Ghoul Enchanter)              Turns: 715, Time: 00:01:35

Health: 0/22       AC:  2    Str: 11    XL:     2   Next: 45%
Magic:  3/3        EV: 12    Int: 10    God:
Gold:   75         SH:  0    Dex:  9    Spells: 3/4 levels left

rFire    . . .     SeeInvis .   a - +1 dagger
rCold    + . .     Gourm    .   (no shield)
rNeg     + + +     Faith    .   b - +0 robe
rPois    ∞         Spirit   .   (no helmet)
rElec    .         Reflect  .   (no cloak)
rCorr    .         Harm     .   (no gloves)
MR       .....     Rnd*Tele +   (no boots)
Stlth    ++........             (no amulet)
HPRegen  0.00/turn              i - ring of teleportation (curse)
MPRegen  0.08/turn              (no ring)

@: rotting
A: rotting body, claws 1, carnivore, cold resistance 1, negative energy
resistance 3, inhibited regeneration, torment resistance, unbreathing
a: no special abilities


You were on level 3 of the Dungeon.
You were not hungry.

You visited 1 branch of the dungeon, and saw 3 of its levels.

You collected 75 gold pieces.

Inventory:

Hand Weapons
 a - a +1 dagger (weapon)
Armour
 b - a +0 robe (worn)
Jewellery
 i - a cursed ring of teleportation (left claw)
   (You found it on level 1 of the Dungeon)
Scrolls
 f - 2 scrolls of teleportation {unknown}
 j - a scroll of fear {unknown}
 k - a scroll of enchant armour {unknown}
Potions
 c - a potion of agility {unknown}
 d - a potion of resistance {unknown}
 g - 2 potions of degeneration {unknown}
 h - a potion of haste {unknown}
 l - 2 potions of brilliance {unknown}
Comestibles
 e - a ration {!d}
 m - 2 chunks of flesh


   Skills:
 + Level 0.6 Fighting
 + Level 1.1 Short Blades
 + Level 1.9 Dodging
 + Level 3.5 Stealth
 + Level 1.9 Spellcasting
 + Level 2.5 Hexes


You had 3 spell levels left.
You knew the following spells:

 Your Spells              Type           Power        Failure   Level  Hunger
a - Corona                Hex            #......      11%         1    ##.....

Your spell library contained the following spells:

 Spells                   Type           Power        Failure   Level  Hunger
 Ensorcelled Hibernation  Hex/Ice        #.....       28%         2    ###....
 Confuse                  Hex            #.......     32%         3    ####...
 Tukima's Dance           Hex            #.......     32%         3    ####...
 Dazzling Spray           Conj/Hex       #.....       50%         3    ####...


Dungeon Overview and Level Annotations

Branches:
Dungeon (2/15)

Altars:


Innate Abilities, Weirdness & Mutations

Your body is rotting away.
You thrive on raw meat.
You are immune to poison.
You have sharp fingernails.
You are carnivorous and can eat meat at any time.
Your flesh is cold resistant. (rC+)
You are immune to negative energy. (rN+++)
You do not regenerate when monsters are visible.
You are immune to unholy pain and torment.
You can survive without breathing.


Message History

The phantom blinks!
The frilled lizard barely misses you. The rat bites you but does no damage.
You feel strangely unstable.
You are suddenly yanked towards some nearby monsters!
Your surroundings suddenly seem different.
Found a scroll labeled NOMPIE GOTAOGH and a ration. 2 bats come into view.
A worm comes into view.
You fall through a shaft!
The shaft crumbles and collapses.
A worker ant comes into view.
The worker ant twitches its antennae in your direction.
The dart slug moves out of view. x2; The orc moves out of view.
Found 3 tomahawks.
A rat comes into view.
Unknown command.
A bat comes into view.
The worker ant completely misses you.
The bat moves out of view.
A dart slug comes into view.
The worker ant barely misses you.
Aim: a worker ant (chance to defeat MR: 48%)
The worker ant is outlined in light.
The worker ant bites you.
* * * LOW HITPOINT WARNING * * *
You hit the worker ant.
You feel strangely unstable.
You are suddenly yanked towards some nearby monsters!
Your surroundings suddenly seem different.
A kobold comes into view.
The kobold shouts!
A giant cockroach comes into view.
Found a cyan potion.
A dart slug comes into view.
You hit the kobold.
You kill the kobold!
The giant cockroach barely misses you.
You closely miss the giant cockroach. The giant cockroach barely misses you.
You hit the giant cockroach.
A kobold comes into view.
The giant cockroach bites you.
* * * LOW HITPOINT WARNING * * *
The kobold shouts!
You hit the giant cockroach but do no damage.
The giant cockroach bites you.
* * * LOW HITPOINT WARNING * * *
You hit the giant cockroach but do no damage.
The giant cockroach barely misses you.
You barely miss the giant cockroach. The giant cockroach barely misses you.
You hit the giant cockroach.
You kill the giant cockroach!
The kobold throws a stone.
The stone hits you.
You die...

# #..!...#.
..#.......
.........#
.##......#
.......K.#
#........###
..#.......w#
#.##.###†# #
#. #@# ##
#...# ....#
.##### #. #


You could see a dart slug and a kobold.

Vanquished Creatures
  A dart slug (D:1)
  A leopard gecko (D:1)
  A giant cockroach (D:3)
  A hobgoblin (D:1)
  2 kobolds
  A ball python (D:1)
  2 bats (D:1)
  2 frilled lizards (D:1)
  A rat (D:1)
12 creatures vanquished.

Notes
Turn   | Place    | Note
-------+----------+-------------------------------------------
     0 | D:1      | MalarOregon the Ghoul Enchanter began the quest for the
                  | Orb.
     0 | D:1      | Reached XP level 1. HP: 14/14 MP: 2/2
   418 | D:1      | Reached skill level 1 in Short Blades
   491 | D:1      | Reached XP level 2. HP: 15/21 MP: 3/3
   693 | D:2      | Noticed a phantom
   696 | D:2      | You fall through a shaft!
   712 | D:3      | HP: 1/22 [giant cockroach (2)]
   715 | D:3      | Hit by a stone thrown by a kobold

Skill      XL: |  1 |
---------------+----+-----
Short Blades   | 1 |  1.1
Fighting       | |  0.6
Dodging        | |  1.9
Stealth        | |  3.5
Spellcasting   | |  1.9
Hexes          | |  2.5

Action                   || total
-------------------------++-------
Melee: Dagger            ||    39
 Cast: Corona            ||     3
 Stab: Sleeping          ||     3
  Eat: Chunk             ||     4
       Ration            ||     1
Armor: Robe              ||     7
Dodge: Dodged            ||    32
